Sprout, chaotic male elven Wizard -------- |.......################################ |......| |......| ----- |...*...############-....############################### ------.- |...| ------------- # |...| |...........| # |....####### |...........| # -.--- |...........| # ###################.......<....| ------------ # # # # |...........| # |%.....%...| ### ### # |...........| #)(\)......(| # # # ------------- #)#|..........| ## ### -.------- # ------------ ------- # |.......| ### |>....|### -.......| # |......### |.......a@################# |.....| --------- ------- Sprout the Thaumaturge Experience level: 8 Strength: 13 Dexterity: 16 Constitution: 13 Intelligence: 18 Wisdom: 11 Charisma: 13 Health: 0(54) Energy: 30(102) Def: 8 Gold: 1160 Moves: 5240 Dungeon seed: A4ZV8NPJCtq7ztim Game ID: Sprout_1616323844 Your Inventory: Coins $ - 1160 gold pieces Weapons a - a blessed +3 quarterstaff (weapon in hands) s - a +0 orcish dagger Armor e - an uncursed +0 pair of iron shoes (being worn) n - an uncursed +2 orcish helm (being worn) Z - an uncursed +2 cloak of magic resistance (being worn) Comestibles h - an uncursed apple l - an uncursed food ration U - an uncursed fortune cookie V - an uncursed slime mold Scrolls i - 2 uncursed scrolls of magic mapping t - an uncursed scroll of gold detection Spellbooks v - an uncursed spellbook of light Potions f - an uncursed potion of levitation g - 2 uncursed potions of water o - an uncursed potion of full healing u - 2 uncursed potions of see invisible Rings d - an uncursed +1 ring of increase accuracy (on left hand) B - an uncursed ring of poison resistance P - an uncursed ring of protection from shape changers (on right hand) Wands b - a wand of slow monster (0:5) p - a wand of lightning (0:4) Tools j - an uncursed towel J - a tinning kit (0:95) Q - 13 uncursed tallow candles (0:200) T - an uncursed tin whistle W - an uncursed oil lamp (0:292) Gems q - 2 uncursed worthless pieces of green glass r - an uncursed worthless piece of yellow glass Spells and supernatural/magical abilities: Name Level Category Fail Memory a - force bolt 1 attack 4% 74% n - detect monsters 1 divination 4% 74% z - sleep 1 enchantment 4% 79% B - cure blindness 2 healing 68% 92% W - pray for help -- divine ? -- Your skills at the end: Fighting Skills Weapon Skills quarterstaff [Basic] Spellcasting Skills attack spells [Basic] enchantment spells [Basic] Final Attributes: You were piously aligned. You were sleep resistant. You were magic-protected. You were telepathic. You had infravision. You had a +1 bonus to hit. You were protected from shape changers. You are dead. Vanquished creatures: a ghost a small mimic a leprechaun an orc-captain a gnome king a raven a gnome mummy 3 fire ants 2 bugbears an imp a wood nymph an orc shaman a rock piercer a rock mole a yellow light 11 gnome lords 4 gnomish wizards a kobold mummy 2 black naga hatchlings 2 gray oozes a ghoul a baby crocodile 2 floating eyes 3 kittens 7 dwarves 2 kobold lords 4 kobold shamans 4 hill orcs a centipede a giant bat a monkey 2 orc zombies an iguana 2 coyotes a gas spore 2 hobbits 2 large kobolds 4 hobgoblins a giant rat 2 cave spiders 2 brown molds a yellow mold 21 gnomes 5 geckos 6 jackals a fox 3 kobolds 8 goblins 6 sewer rats 6 grid bugs 6 lichens a kobold zombie 5 newts 153 creatures vanquished. Voluntary challenges: You used a wielded weapon 152 times, starting on turn 85. You read items or engraved 24 times, starting on turn 1. You never genocided any monsters. You never polymorphed an object. You changed form 1 time, starting on turn 3250. You used no wishes. You never split a pudding. You wrote Elbereth's name 1 time, starting on turn 4440. You never violated your personal moral code. Dungeon overview: The Dungeons of Doom: levels 1 to 5 Level 1 some fountains a long staircase Level 2 a scroll shop, a fountain stairs to The Gnomish Mines Level 3 a scroll shop Level 4 a fountain Level 5 <- You were here a throne The Gnomish Mines: levels 3 to 6 Level 3 stairs to The Dungeons of Doom Level 4 Level 5 Level 6 many shops, a temple to Ptah, some fountains History has recorded: On T:1 you entered the Dungeons of Doom to retrieve the Amulet of Yendor! On T:378 you advanced to experience level 2. On T:505 you reached level 2 of The Dungeons of Doom. On T:651 you advanced to experience level 3. On T:928 you reached level 1 of The Gnomish Mines. On T:962 you advanced to experience level 4. On T:1091 you advanced to experience level 5. On T:1360 you reached level 2 of The Gnomish Mines. On T:1795 you reached level 3 of The Gnomish Mines. On T:1818 you advanced to experience level 6. On T:2371 you reached level 4 of The Gnomish Mines. On T:3105 you reached level 3 of The Dungeons of Doom. On T:3520 you advanced to experience level 7. On T:4251 you reached level 4 of The Dungeons of Doom. On T:4680 you reached level 5 of The Dungeons of Doom. On T:5164 you advanced to experience level 8. Score breakdown: Gold: 1160 (10425 points) Experience: 8 levels (14739 points) Exploration: 6 levels ( 13.33%) (10112 points) Discoveries: 23 items ( 8.33%) ( 8660 points) Valuables value: (no points given unless you survive) Artifact value: 0 ( 0 points) Variety of kills: 53 monsters ( 13.91%) (11189 points) Turncount: 5240 turns (-1423 points) Survival: died (score multiplied by 80%) Total score: 42961 Latest messages: v - a stained spellbook. r - a yellow gem. You see here a kobold lord corpse. There are a few objects here. You see here a goblin corpse. There are a few objects here. There is a doorway here. There are several objects here. You see here a crossbow bolt. You stop running. (2x) You kill the hill orc! The spell misses the giant beetle. You miss the giant beetle. The spell hits the giant beetle! The giant beetle bites! You hit the giant beetle! You hit the giant beetle. The giant beetle bites! You hit the giant beetle. You hit the giant beetle! The giant beetle bites! You die... Final status: Goodbye Sprout the Wizard, killed by a giant beetle... You died in The Dungeons of Doom on dungeon level 5 with 42961 points, and 1160 pieces of gold, after 5240 moves. You were level 8 with a maximum of 54 hit points when you died.